[Event "Baku Open 2024"]
[Site "Baku"]
[Date "2024.07.05"]
[Round "7.40"]
[White "Raahul V S"]
[Black "Bayramov, Elvin"]
[Result "1/2-1/2"]
[ECO "A23"]
[WhiteElo "2314"]
[BlackElo "2155"]
[Annotator "TA"]
[PlyCount "101"]
[EventDate "2024.06.29"]
[EventType "swiss"]
[EventCountry "AZE"]
[SourceTitle "playchess.com"]
[Source "ChessBase"]
[SourceQuality "1"]
[TimeControl "5400+30"]

1. c4 e5 2. Nc3 Nf6 3. g3 c6 4. Nf3 e4 5. Nd4 d5 6. cxd5 cxd5 7. d3 Bc5 8. Nb3 Bb4 (8... Bb6 {simplifies} 9. dxe4 Nxe4 10. Nxe4 dxe4 11. Qxd8+ Bxd8 12. Bg2 f5) 9. dxe4 Nxe4 10. Qd4 ({White should play} 10. Bd2 $14 Bxc3 11. Bxc3) 10... Bxc3+ $15 11. bxc3 {[%emt 0:00:43] Black is slightly better.} O-O 12. f3 Nc6 13. Qe3 Nd6 14. Bg2 Re8 15. Qd3 {[%emt 0:02:00] [#]} (15. Qc5 $15) 15... Qe7 (15... Bf5 $1 $17 16. Qxd5 Be6) 16. O-O $1 $11 Qxe2 17. Qxd5 Nf5 18. Qc5 Ne5 {[%emt 0:10:19] Hoping for ...Nd3.} 19. Nd4 (19. Qf2 {simplifies} Qb5 20. Re1 Bd7 21. g4) 19... Nd3 ({Better is} 19... Nxd4 $15 20. Qxd4 Bf5) 20. Nxe2 Nxc5 {[%emt 0:00:06] Excellent horsemanship.} 21. Nd4 Nd3 22. Nb5 {[%emt 0:03:29] [#] Strongly threatening Nc7.} Nxc1 23. Raxc1 Re7 {[%emt 0:04:06] Inhibits Nc7.} 24. Rfe1 Rxe1+ 25. Rxe1 Bd7 {[%emt 0:00:03] Inhibits Re8+.} 26. Nc7 (26. Rb1 $11) 26... Rc8 $15 27. Nd5 Re8 (27... Kf8 $15) 28. Rxe8+ $11 Bxe8 {[%emt 0:00:07][%mdl 4096] Endgame. KBN-KBN} 29. f4 Bc6 30. g4 Bxd5 31. Bxd5 {[%emt 0:00:04] KB-KN} Nd6 32. Kf2 b6 33. Ke3 Nb5 34. Kd3 Kf8 35. c4 Nc7 36. Kd4 Ke7 37. c5 f6 38. Bc4 b5 (38... bxc5+ $11 39. Kxc5 Ne6+ 40. Bxe6 Kxe6) 39. Bb3 h6 40. f5 Kd7 (40... Na6 $1 $11) 41. a4 $16 bxa4 42. Bxa4+ Ke7 43. Kc4 Kd8 44. Bc6 Ke7 45. Kd4 Kd8 46. Bb7 {[%emt 0:00:04] White is better.} Kd7 47. Kc4 Ke7 48. Bc6 Kd8 49. Kd4 Kc8 50. Ba4 {[%emt 0:00:33] White is more active.} Kd8 51. Kc4 {[%emt 0:01:46] Weighted Error Value: White=0.14 (very precise) /Black=0.14 (very precise) .  Mistake:       	White=3     	Black=5      Inaccurate:     	White=4     	Black=2      OK:         	White=12    	Black=22     Best:        	White=1     	Black=3      Strong:       	White=1     	---} 1/2-1/2

[Event "Baku Open 2024"]
[Site "Baku"]
[Date "2024.07.05"]
[Round "7.41"]
[White "Aarav Sinha"]
[Black "Allahverdiyeva, Ayan"]
[Result "0-1"]
[ECO "B90"]
[WhiteElo "2300"]
[BlackElo "2133"]
[Annotator "TA"]
[PlyCount "90"]
[EventDate "2024.06.29"]
[EventType "swiss"]
[EventCountry "AZE"]
[SourceTitle "playchess.com"]
[Source "ChessBase"]
[SourceQuality "1"]
[TimeControl "5400+30"]

1. e4 c5 2. Nf3 d6 3. d4 cxd4 4. Nxd4 Nf6 5. Nc3 a6 6. Be3 e5 7. Nf3 Qc7 8. a4 Be7 9. Be2 O-O 10. O-O Nbd7 11. a5 b6 12. axb6 Nxb6 13. Nd2 Bb7 14. Bf3 Rfc8 15. g3 a5 {[%emt 0:03:09] The position is equal.} 16. Bg2 Bc6 17. Qe2 a4 18. Nc4 Nxc4 19. Qxc4 Qb8 20. Qd3 Bd7 (20... Qxb2 $2 21. Rfb1 $18) 21. Rfb1 Rc7 22. h3 h6 23. g4 Rb7 24. Bc1 Bd8 25. f3 (25. b3 $15) 25... Bb6+ $17 {[%emt 0:03:58] Black continues to play with concentration.} 26. Kh2 Bd4 27. Nd1 (27. Kh1 $17 {was necessary.}) 27... d5 $19 28. c3 Bc5 29. Be3 (29. Qc2 $142) 29... dxe4 30. fxe4 Bxe3 31. Nxe3 Rxb2 32. Rxb2 Qxb2 33. Rb1 Qa2 34. Nd5 Nxd5 35. exd5 a3 {[%emt 0:01:33][%cal Oe5e4] Threatens to win with ...e4!} 36. c4 $2 {[%emt 0:00:26] [#]} (36. Kg1 Ba4 (36... Rc8 37. Rb7 $17) 37. Be4) 36... e4 $1 37. Qxe4 Re8 38. Qd3 Re2 39. Rb8+ Be8 40. Qf3 Qd2 {[%emt 0:00:13] [#] And now ...a2 would win.} (40... Qxc4 41. Qxa3 g5 (41... Qxd5 $2 {is the wrong capture.} 42. Rxe8+ Kh7 43. Rxe2 $18) 42. Qf3 $15) 41. Rxe8+ Rxe8 42. Qxa3 Qd4 43. d6 Re1 44. Qa8+ Kh7 45. Qd5 Qf4# {[%emt 0:00:05] Weighted Error Value: White=0.94/Black=0.11 (very precise) .  Mistake:       	White=4     	---        Inaccurate:     	White=2     	---        OK:         	White=7     	Black=17     Brilliant:      	---       	Black=1} 0-1

[Event "Baku Open 2024"]
[Site "Baku"]
[Date "2024.07.05"]
[Round "7.42"]
[White "Ivanova, Anastasia S."]
[Black "Avinash Ramesh"]
[Result "1/2-1/2"]
[ECO "B50"]
[WhiteElo "1840"]
[BlackElo "2252"]
[Annotator "RC"]
[PlyCount "133"]
[EventDate "2024.06.29"]
[EventType "swiss"]
[EventCountry "AZE"]
[SourceTitle "playchess.com"]
[Source "ChessBase"]
[SourceQuality "1"]
[TimeControl "5400+30"]

1. e4 c5 2. Nf3 d6 3. c3 Nf6 4. Bd3 g6 5. Bc2 Bg7 6. O-O O-O 7. h3 Nc6 8. d4 cxd4 9. cxd4 e5 10. Be3 exd4 11. Nxd4 d5 12. Nxc6 bxc6 13. Nc3 Re8 14. exd5 Nxd5 15. Nxd5 cxd5 16. Ba4 Bd7 17. Bxd7 Qxd7 18. Bd4 Bxd4 19. Qxd4 Re4 20. Qd3 Rae8 21. Rad1 d4 22. Rd2 Qe6 23. b3 Rd8 24. Rc1 h5 25. Qc4 Re1+ 26. Kh2 Qe5+ 27. g3 Rxc1 28. Qxc1 h4 29. Qc4 hxg3+ 30. fxg3 d3 31. Kg2 Kg7 32. b4 Rd4 33. Qc3 Kh7 34. b5 Qe4+ 35. Kh2 Qe3 36. Rg2 Rd5 37. a4 Rc5 38. Qf6 Rf5 39. Qb2 Rf1 40. Qd2 Qf3 41. a5 Kg8 42. b6 axb6 43. axb6 Rb1 44. Qg5 Qf1 45. Qd8+ Kg7 46. Qd4+ f6 47. g4 Qh1+ 48. Kg3 Qe1+ 49. Rf2 Qe5+ 50. Qxe5 fxe5 51. Rd2 Rb3 52. b7 Kf6 53. b8=Q Rxb8 54. Rxd3 Ke6 55. Ra3 Rb6 56. h4 Kd5 57. Ra5+ Kd6 58. Ra3 Rc6 59. Rd3+ Ke6 60. Ra3 Rb6 61. Kf3 Kf6 62. Ra4 Rb1 63. Ra6+ Kf7 64. Ra7+ Kf8 65. Ra8+ Ke7 66. Ra7+ Ke8 67. Ra8+ 1/2-1/2

[Event "Baku Open 2024"]
[Site "Baku"]
[Date "2024.07.05"]
[Round "7.43"]
[White "Nurgali, Nazerke"]
[Black "Voinikonis, Nikita"]
[Result "1/2-1/2"]
[ECO "A58"]
[WhiteElo "2252"]
[BlackElo "2129"]
[Annotator "TA"]
[PlyCount "98"]
[EventDate "2024.06.29"]
[EventType "swiss"]
[EventCountry "AZE"]
[SourceTitle "playchess.com"]
[Source "ChessBase"]
[SourceQuality "1"]
[TimeControl "5400+30"]

1. d4 Nf6 2. c4 c5 3. d5 b5 4. cxb5 a6 5. bxa6 g6 6. Nc3 Bg7 7. Nf3 O-O 8. g3 d6 9. Bg2 Nbd7 10. O-O Nb6 11. e4 Bxa6 12. Re1 Nfd7 13. Bf1 Bxf1 14. Rxf1 Nc4 15. Qe2 Nde5 16. Nxe5 Nxe5 17. Bf4 Qa5 18. Rfc1 Rfb8 19. Rab1 (19. Bxe5 $11 Bxe5 20. Rc2) 19... Qa6 $1 $15 20. Qxa6 Rxa6 21. Bxe5 Bxe5 22. b3 (22. Kg2 $15) 22... Bxc3 $17 23. Rxc3 Rxa2 {[%emt 0:00:08][%mdl 4096] Endgame. KRR-KRR} 24. Re1 Rb2 25. Ree3 Ra8 26. Rf3 Re2 27. Rfe3 Rb2 28. Rf3 $1 Re2 29. Rfe3 $1 Raa2 30. Rxe2 Rxe2 {[%emt 0:00:06] KR-KR} 31. Rc4 Rb2 32. Rc3 Re2 33. Rc4 f5 (33... Re1+ $17 34. Kg2 Rb1) 34. exf5 $11 {[%emt 0:03:04] The position is equal.} gxf5 35. b4 cxb4 36. Rxb4 Rd2 37. Rb5 Kf7 38. Kf1 Kf6 39. Ke1 Rc2 40. Rb3 Rc1+ 41. Ke2 Rh1 42. h4 Rc1 43. Rd3 Rc4 44. f4 Rc5 45. Ke3 Ra5 46. Kd4 Ra4+ 47. Ke3 $1 Ra5 48. Kd4 Kg6 49. Ke3 Kf6 {[%emt 0:46:08] Weighted Error Value: White=0.09 (flawless) /Black=0.20 (precise) .  Mistake:       	White=2     	Black=1      Inaccurate:     	White=1     	Black=1      OK:         	White=13    	Black=5      Best:        	White=3     	Black=1      Strong:       	White=3     	Black=1} 1/2-1/2

[Event "Baku Open 2024"]
[Site "Baku"]
[Date "2024.07.05"]
[Round "7.44"]
[White "Musayev, Eldar"]
[Black "Kairbekova, Amina"]
[Result "0-1"]
[ECO "E73"]
[WhiteElo "2129"]
[BlackElo "2244"]
[Annotator "RC"]
[PlyCount "116"]
[EventDate "2024.06.29"]
[EventType "swiss"]
[EventCountry "AZE"]
[SourceTitle "playchess.com"]
[Source "ChessBase"]
[SourceQuality "1"]
[TimeControl "5400+30"]

1. c4 Nf6 2. d4 g6 3. Nc3 Bg7 4. e4 d6 5. h4 O-O 6. h5 c5 7. d5 e6 8. Be2 exd5 9. exd5 Re8 10. hxg6 fxg6 11. Bg5 Qb6 12. Bxf6 Bxf6 13. Qd2 Nd7 14. Nf3 Nf8 15. O-O Bg4 16. Rae1 Qd8 17. Bd1 Bxf3 18. Bxf3 Qa5 19. Ne4 Qxd2 20. Nxd2 h5 21. Ne4 Be5 22. b3 Re7 23. Re2 Nh7 24. Rfe1 Rae8 25. g3 b6 26. Kg2 Kg7 27. Re3 Nf6 28. Ng5 Kh6 29. Ne6 g5 30. Rh1 g4 31. Bd1 Rg8 32. Ree1 Rf7 33. Rh4 b5 34. cxb5 Nxd5 35. Nxc5 Bf6 36. Nd3 Bxh4 37. gxh4 Rf6 38. a4 Rgf8 39. Re4 Nc3 40. Re1 Nxd1 41. Rxd1 Rf5 42. Re1 R8f6 43. Re2 Rf3 44. Rd2 Kg7 45. b4 R6f5 46. Nb2 R3f4 47. Nd1 Rxb4 48. Ne3 Rf7 49. Rd5 Rb2 50. Rg5+ Kf8 51. Nf5 Rh7 52. Nxd6 Ke7 53. Rg6 Ra2 54. Nc8+ Kd8 55. Rg8+ Kc7 56. Nxa7 Rf7 57. a5 Rfxf2+ 58. Kg3 Rf3# 0-1